 Dungeon Crawl Stone Soup version 0.30-a0-721-ga6a225cb13 (webtiles) character file.

Game seed: 15940540450711658958

818 Ijustatesigmund the Magician (level 7, 0/36 HPs)
             Began as a Deep Elf Fire Elementalist on Jan 27, 2023.
             Slain by a killer bee (2 damage)
             ... on level 5 of the Dungeon.
             The game lasted 00:11:33 (4426 turns).

Ijustatesigmund the Magician (DEFE)                 Turns: 4426, Time: 00:11:34

Health: 0/36       AC:  8    Str:  9    XL:     7   Next: 62%
Magic:  12/18      EV: 12    Int: 22    God:
Gold:   218        SH:  0    Dex: 15    Spells: 12/18 levels left

rFire   . . .      SeeInvis +    g - +0 sling
rCold   + + .      Faith    .    (no shield)
rNeg    . . .      Spirit   .    a - +3 leather armour
rPois   .          Reflect  .    (no helmet)
rElec   +          Harm     .    (no cloak)
rCorr   .          Rampage  .    f - +0 pair of gloves
Will    .....                    p - +0 pair of boots
Stlth   ++                       (no amulet)
HPRegen 0.26/turn                c - ring of Zuluff {Contam rElec rC++ Str+4 SInv}
MPRegen 0.16/turn                (no ring)

@: lethally poisoned (0 -> -4)
A: no striking features
a: no special abilities


You were on level 5 of the Dungeon.
You visited 1 branch of the dungeon, and saw 5 of its levels.

You collected 326 gold pieces.
You spent 108 gold pieces at shops.

Inventory:

Hand Weapons
 e - a +0 dagger
 g - a +0 sling (weapon)
Armour
 a - a +3 leather armour (worn)
 f - a +0 pair of gloves (worn)
 p - a +0 pair of boots (worn)
Jewellery
 c - the ring of Zuluff (left hand) {Contam rElec rC++ Str+4 SInv}
   (You acquired it on level 4 of the Dungeon)

   [ring of see invisible]

   Str:       It affects your strength (+4).
   rC:        It greatly protects you from cold.
   rElec:     It insulates you from electricity.
   SInv:      It lets you see invisible.
   Contam:    It causes magical contamination when unequipped.
Wands
 m - a wand of flame (13)
Scrolls
 o - 2 scrolls of blinking
 r - a scroll of enchant weapon {unknown}
Potions
 b - a potion of magic
 d - 3 potions of curing
 h - 2 potions of lignification
 i - 2 potions of brilliance
 j - 3 potions of attraction
 k - 3 potions of ambrosia
 l - a potion of flight {unknown}
 n - 2 potions of degeneration {unknown}


   Skills:
 - Level 2.1 Ranged Weapons
 + Level 3.1 Armour
 - Level 2.4 Dodging
 - Level 2.4 Stealth
 - Level 6.1 Spellcasting
 - Level 4.5 Conjurations
 - Level 4.1 Fire Magic
 - Level 3.7 Earth Magic


You had 12 spell levels left.
You knew the following spells:

 Your Spells              Type           Power      Damage    Failure   Level
a - Foxfire               Conj/Fire      100%       2x1d9     1%          1
b - Scorch                Fire           48%        2d7       3%          2
c - Stone Arrow           Conj/Erth      50%        3d10      7%          3

Your spell library contained the following spells:

 Spells                   Type           Power      Damage    Failure   Level
 Inner Flame              Hex/Fire       15%        N/A       16%         3
 Lesser Beckoning         Tloc           12%        N/A       19%         2
 Flame Wave               Conj/Fire      25%        2d8       21%         4
 Kindle Blastsparks       Fire/Tloc/Air  24%        2d12      22%         3
 Gell's Gravitas          Tloc           6%         N/A       36%         3
 Teleport Other           Tloc           6%         N/A       36%         3
 Animate Armour           Summ/Erth      30%        N/A       50%         4
 Lehudib's Crystal Spear  Conj/Erth      12%        10d4      100%        8


Dungeon Overview and Level Annotations

Branches:
Dungeon (5/15)
 Temple: D:4-7

Altars:
Cheibriados

Shops:
D:1 *


Message History

The foxfire hits the killer bee but does no damage.
The killer bee is severely wounded.
The foxfire hits the killer bee!
You kill the killer bee!
Casting: Foxfire (safe; 1% risk of failure)
Confirm with . or Enter, or press ? or * to list all spells.
You conjure some foxfire!
The foxfire hits the killer bee!
The killer bee is heavily wounded.
The foxfire hits the killer bee.
The killer bee is almost dead.
The killer bee stings you. The killer bee stings you!
The killer bee barely misses you.
Casting: Foxfire (safe; 1% risk of failure)
Confirm with . or Enter, or press ? or * to list all spells.
You conjure some foxfire!
The killer bee stings you. x2
You are poisoned.
The killer bee poisons you! The killer bee barely misses you.
The killer bee stings you but does no damage.
You feel very sick.
The foxfire hits the killer bee but does no damage.
The killer bee is almost dead.
The foxfire hits the killer bee!
You kill the killer bee!
The killer bee closely misses you. The killer bee stings you.
Your Armour skill increases to level 3!
Casting: Foxfire (safe; 1% risk of failure)
Confirm with . or Enter, or press ? or * to list all spells.
You conjure some foxfire!
You feel sick. The killer bee stings you!
* * * LOW HITPOINT WARNING * * *
The killer bee stings you.
* * * LOW HITPOINT WARNING * * *
* * * LOW HITPOINT WARNING * * *
You feel sick.
The foxfire hits the killer bee.
The killer bee is moderately wounded.
The foxfire hits the killer bee.
The killer bee is severely wounded.
The killer bee stings you but does no damage.
The killer bee stings you.
You die...

#....#..##..#..........#
#÷...#..##..#....####### y...#
#....#......#....# ....#
#....'..###'#....# #$..#
#....####.....(..# ##..y##
#...............[####### .....l
#............)...).....#
....#####......§...............#
###'##........††@.####..........#
#..............y..#..#..........#
#......)......#####..#....#######
#.............#......'....#
#.....#########......#....#
#.....+ .. #####..#....# #.....#
... #..###'#....# ......# #..
#...#..#....# ......#
#..##...#..#....#


You could see a killer bee.

Vanquished Creatures
  An ice beast (D:5)
  A black bear (D:5)
  A bullfrog (D:4)
  2 necrophages
  4 killer bees (D:5)
  A howler monkey (D:3)
  2 iguanas (D:4)
  5 gnolls
  6 adders
  3 dart slugs
  7 orcs
  5 ball pythons
  7 bats
  5 endoplasms
  A giant cockroach (D:1)
  5 goblins
  5 hobgoblins
  3 jackals (D:1)
  4 quokkas
  2 frilled lizards
  8 kobolds
  6 rats
84 creatures vanquished.

Vanquished Creatures (others)
  160 foxfires
160 creatures vanquished.

Grand Total: 244 creatures vanquished

Notes
Turn   | Place    | Note
-------+----------+-------------------------------------------
     0 | D:1      | Ijustatesigmund the Deep Elf Fire Elementalist began the
                  | quest for the Orb.
     0 | D:1      | Reached XP level 1. HP: 10/10 MP: 6/6
   300 | D:1      | Reached XP level 2. HP: 15/15 MP: 8/8
   480 | D:1      | Reached skill level 1 in Ranged Weapons
   496 | D:1      | Found Tokhlat's Assorted Antiques.
   512 | D:1      | Bought a scroll labelled FULUANOYCH for 27 gold pieces
   529 | D:1      | Learned a level 2 spell: Scorch
   575 | D:1      | Reached XP level 3. HP: 19/19 MP: 10/10
  1339 | D:2      | You fall into a shaft and drop 1 floor!
  1609 | D:2      | Reached skill level 4 in Spellcasting
  1609 | D:2      | Reached XP level 4. HP: 11/24 MP: 1/12
  2008 | D:3      | Found a snail-covered altar of Cheibriados.
  2026 | D:3      | Learned a level 3 spell: Stone Arrow
  2226 | D:3      | Reached skill level 1 in Earth Magic
  2333 | D:3      | Found a faded altar of an unknown god.
  2340 | D:3      | Reached XP level 5. HP: 28/28 MP: 10/13
  2413 | D:3      | Identified the +4 mace of Repig {freeze, rF+ rC+ Dex-5}
  2784 | D:4      | Reached skill level 5 in Spellcasting
  2886 | D:4      | Reached XP level 6. HP: 10/32 MP: 9/15
  3051 | D:4      | Identified a scroll of acquirement
  3051 | D:4      | Acquired the ring of Zuluff {Contam rElec rC++ Str+4 SInv}
  3562 | D:5      | Entered Level 5 of the Dungeon
  3613 | D:5      | Noticed an ice beast
  3629 | D:5      | Killed an ice beast
  3823 | D:5      | Reached skill level 6 in Spellcasting
  3823 | D:5      | Reached XP level 7. HP: 36/36 MP: 9/18
  4129 | D:1      | Bought 3 scrolls labelled NOZEEMM SIPSUG for 81 gold pieces
  4307 | D:5      | Reached skill level 1 in Armour
  4426 | D:5      | Slain by a killer bee

Illustrated notes

Levels and vault maps discovered:
D:1:      saegor_arrival_fortress, layout_basic, serial_shops, shop
D:2:      layout_loops_ring, nicolae_grassy_gnolls, uniq_crazy_yiuf_cottage
D:3:      layout_basic, old_standard_altar, basic_ecumenical_altar
D:4:      layout_rooms
D:5:      layout_gridville, chequers_temple_overflow_minitemple,
          minmay_temple_entry_gardened_gates

Skill      XL: |  1  2  3  4  5  6  7 |
---------------+----------------------+-----
Ranged Weapons | 1 2 |  2.1
Conjurations   | 2 3 4 |  4.5
Spellcasting   | 4 5 6 |  6.1
Fire Magic     | 4 |  4.1
Earth Magic    | 1 2 3 |  3.7
Armour         | 3 |  3.1
Dodging        | |  2.4
Stealth        | |  2.4

Action                     |  1- 3 |  4- 6 |  7- 9 || total
---------------------------+-------+-------+-------++-------
   Fire: Sling             |    35 |    21 |       ||    56
   Cast: Foxfire           |    28 |    42 |    24 ||    94
         Scorch            |     8 |    19 |     2 ||    29
         Stone Arrow       |       |     3 |       ||     3
    Use: Scroll            |     9 |     3 |     3 ||    15
         Potion            |       |     2 |       ||     2
 Armour: Robe              |     5 |     9 |     1 ||    15
         Leather armour    |       |       |     6 ||     6
  Dodge: Dodged            |    19 |    26 |     4 ||    49

Table legend: (Time is in decaauts)
 A = Elapsed time spent in this place.
 B = Non-inter-level travel time spent in this place.
 C = Inter-level travel time spent in this place.
 D = Time resting spent in this place.
 E = Time spent auto-exploring this place.
 F = Levels seen in this place.
 G = Mean time per level.
                   A        B        C        D        E       F      G
               +--------+--------+--------+--------+--------+-----+--------+
         Total |   4444 |   4161 |    283 |   1041 |   2526 |   5 |  888.8 |
       Dungeon |   4444 |   4161 |    283 |   1041 |   2526 |   5 |  888.8 |
               +--------+--------+--------+--------+--------+-----+--------+

Top non-repeatable levels by time:
     D:1: 1032 daAuts
     D:4: 1032 daAuts
     D:2: 981 daAuts
     D:5: 719 daAuts
     D:3: 679 daAuts
